 Dungeon Crawl Stone Soup version 0.23-a0-635-g88ca12a (webtiles) character file.

301 tilp the Chiller (level 6, -2/41 HPs)
             Began as a Merfolk Ice Elementalist on Dec 27, 2018.
             Was an Initiate of Makhleb.
             Shot with an arrow by something (6 damage)
             ... on level 4 of the Dungeon.
             The game lasted 00:17:05 (4400 turns).

tilp the Chiller (Merfolk Ice Elementalist)         Turns: 4400, Time: 00:17:07

Health: -2/41      AC: 11    Str:  9    XL:     6   Next: 37%
Magic:  2/9        EV: 12    Int: 16    God:    Makhleb [......]
Gold:   168        SH:  0    Dex: 14    Spells: 3/9 levels left

rFire    . . .     SeeInvis .   a - +0 dagger
rCold    . . .     Gourm    .   (no shield)
rNeg     . . .     Faith    .   l - +0 leather armour
rPois    .         Spirit   .   (no helmet)
rElec    .         Reflect  .   (no cloak)
rCorr    .         Harm     .   h - +2 pair of gloves
MR       .....                  (no boots)
Stlth    ++........             (no amulet)
HPRegen  0.13/turn              (no ring)
MPRegen  0.11/turn              (no ring)

@: icy armour, about to teleport
A: change form in water, swift swim, stealthy swim
a: Renounce Religion


You were on level 4 of the Dungeon.
You worshipped Makhleb.
Makhleb was noncommittal.
You were not hungry.

You visited 2 branches of the dungeon, and saw 5 of its levels.

You collected 168 gold pieces.

Inventory:

Hand Weapons
 a - a +0 dagger (weapon)
 m - a +0 halberd
Missiles
 b - 4 tomahawks (quivered)
 e - 171 stones
Armour
 f - a +2 buckler
 h - a +2 pair of gloves (worn)
 l - a +0 leather armour (worn)
Wands
 o - a wand of random effects (13)
Scrolls
 d - a scroll of teleportation
 g - 2 scrolls of identify
 i - a scroll of fog {unknown}
 k - a scroll of remove curse {unknown}
Potions
 j - a potion of resistance
Comestibles
 c - 9 rations


   Skills:
 - Level 2.6 Dodging
 - Level 2.1 Stealth
 + Level 3.9 Shields
 - Level 2.0 Spellcasting
 - Level 0.7 Conjurations
 - Level 6.0 Ice Magic


You had 3 spell levels left.
You knew the following spells:

 Your Spells              Type           Power        Failure   Level  Hunger
a - Freeze                Ice            ###.         2%          1    #......
b - Throw Frost           Conj/Ice       ##....       11%         2    ###....
c - Ozocubu's Armour      Chrm/Ice       ##......     26%         3    ###....

Your spell library contained the following spells:

 Spells                   Type           Power        Failure   Level  Hunger
 Throw Icicle             Conj/Ice       ##......     58%         4    #####..
 Summon Ice Beast         Ice/Summ       ##......     63%         4    #####..


Dungeon Overview and Level Annotations

Branches:
Dungeon (4/15)             Temple (1/1) D:4

Altars:
Dithmenos
Fedhas
Hepliaklqana
Makhleb
Qazlal
Ru

Annotations:
D:3 exclusion: phantom
D:4 exclusion: steam dragon


Message History

Aim: a centaur, wielding a +0 shortbow (lightly wounded)
The puff of flame hits the centaur.
The centaur is lightly wounded.
The centaur shoots an arrow.
The arrow misses you.
Evoke which item? (* to show all) (? for menu, Esc to quit)
Aiming: Random Effects
Press: ? - help, Shift-Dir - straight line, f/p - centaur
Aim: a centaur, wielding a +0 shortbow (lightly wounded)
The centaur flickers and vanishes!
Deactivating autopickup; reactivate with Ctrl-A.
You hear a twanging sound.
An arrow appears from out of thin air!
The arrow hits you.
As you read the scroll of teleportation, it crumbles to dust.
You feel strangely unstable.
You hear a twanging sound.
An arrow appears from out of thin air!
The arrow hits you!
* * * LOW HITPOINT WARNING * * *
You hear a twanging sound.
An arrow appears from out of thin air!
The arrow hits you.
You die...

.#.....#..# ..[.......#
..#..###..# ..........#
.....####'##
...........#############...
...........'..(..{.(c......
'####......#####(#####....[
....######...# #@#### c..
....# #...# #....# # ....#
#...###....# ....#
#.....#....# #####
#...<.#....# #.....#.####
#.....#.# ####'##.#
#.....#.#


There were no monsters in sight!

Vanquished Creatures
  A hound (D:4)
  An iguana (D:4)
  An orc wizard (D:3)
  4 gnolls (D:3)
  10 adders
  An ooze (D:1)
  3 worms (D:3)
  3 dart slugs (D:1)
  A leopard gecko (D:4)
  2 orcs (D:3)
  7 bats
  5 giant cockroaches
  8 hobgoblins
  A quokka (D:2)
  8 frilled lizards
  11 goblins
  6 kobolds
  4 rats
77 creatures vanquished.

Notes
Turn   | Place    | Note
-------+----------+-------------------------------------------
     0 | D:1      | tilp the Merfolk Ice Elementalist began the quest for the
                  | Orb.
     0 | D:1      | Reached XP level 1. HP: 13/13 MP: 3/3
   255 | D:1      | Reached XP level 2. HP: 17/19 MP: 3/5
   259 | D:1      | Learned a level 2 spell: Throw Frost
   327 | D:1      | Reached skill level 4 in Ice Magic
   805 | D:1      | Reached XP level 3. HP: 24/24 MP: 3/6
   810 | D:1      | Learned a level 3 spell: Ozocubu's Armour
  1069 | D:2      | Reached skill level 5 in Ice Magic
  1148 | D:2      | Reached XP level 4. HP: 30/30 MP: 1/7
  2495 | D:3      | Reached skill level 6 in Ice Magic
  2510 | D:3      | Reached XP level 5. HP: 29/35 MP: 2/8
  2608 | D:3      | Reached skill level 1 in Shields
  3082 | D:3      | Noticed a phantom
  3180 | D:3      | Found a hazy altar of Hepliaklqana.
  3917 | D:4      | Reached XP level 6. HP: 27/41 MP: 0/9
  4158 | D:4      | Found a staircase to the Ecumenical Temple.
  4168 | D:4      | Noticed a steam dragon
  4174 | Temple   | Entered the Ecumenical Temple
  4178 | Temple   | Became a worshipper of Makhleb the Destroyer
  4400 | D:4      | Shot with an arrow by something

Vault maps used:
D:1:      evilmike_arrival_plus, minmay_misc_feat_iff
D:2:      first_ration
D:3:      lemuel_doored_altar, serial_glass, glass_columns_c, glass_columns_a
D:4:      old_forge, minmay_temple_entry_gardened_gates, minmay_unequal
Temple:   compressed_dpeg_circular_temple

Skill      XL: |  1  2  3  4  5 |
---------------+----------------+-----
Ice Magic      | 4 5 6 |  6.0
Shields        | 3 |  3.9
Dodging        | |  2.6
Stealth        | |  2.1
Spellcasting   | |  2.0
Conjurations   | |  0.7

Action                   |  1- 3 |  4- 6 || total
-------------------------+-------+-------++-------
Melee: Dagger            |     7 |    51 ||    58
Throw: Stone             |    39 |    62 ||   101
       Tomahawk          |       |     3 ||     3
 Cast: Freeze            |    34 |    79 ||   113
       Throw Frost       |     5 |    21 ||    26
       Ozocubu's Armour  |       |     5 ||     5
Evoke: Wand              |       |     2 ||     2
  Use: Scroll            |       |     3 ||     3
 Stab: Sleeping          |     1 |     6 ||     7
  Eat: Chunk             |     1 |    14 ||    15
Armor: Robe              |     2 |    14 ||    16
       Leather armour    |       |    13 ||    13
Dodge: Dodged            |    15 |    65 ||    80

Table legend:
 A = Non-vault XP
 B = Vault XP
 C = Vault XP percentage of total XP
 D = Non-vault monster count
 E = Vault monster count
 F = Vault count percentage of total count
                 A         B        C        D         E       F
            +---------+---------+-------+---------+---------+-------
      Total |     374 |      56 |  13.0 |      75 |       2 |   2.6
            +---------+---------+-------+---------+---------+-------
        D:1 |      41 |       0 |   0.0 |      18 |       0 |   0.0
        D:2 |      87 |       0 |   0.0 |      18 |       0 |   0.0
        D:3 |     173 |       0 |   0.0 |      33 |       0 |   0.0
        D:4 |      73 |      56 |  43.4 |       6 |       2 |  25.0
            +---------+---------+-------+---------+---------+-------
